 Dungeon Crawl Stone Soup version 0.25-b1-29-g4cfa5c7bda (webtiles) character file.

Game seed: 4549223417358948371, levelgen mode: deterministic

49 Curus the Cudgeler (level 3, -5/31 HPs)
             Began as a Minotaur Fighter on June 3, 2020.
             Slain by Grinder (7 damage)
             ... while paralysed by Grinder
             ... on level 3 of the Dungeon.
             The game lasted 00:07:53 (1612 turns).

Curus the Cudgeler (Minotaur Fighter)               Turns: 1612, Time: 00:07:54

Health: -5/31      AC:  6    Str: 20    XL:     3   Next: 51%
Magic:  2/2        EV:  2    Int:  6    God:
Gold:   83         SH:  0    Dex:  9    Spells: 2/2 levels left

rFire    . . .     SeeInvis .   a - +0 flail
rCold    . . .     Gourm    .   c - +0 kite shield
rNeg     . . .     Faith    .   b - +0 scale mail
rPois    .         Spirit   .   (helmet restricted)
rElec    .         Reflect  .   (no cloak)
rCorr    .         Harm     .   (no gloves)
MR       +....                  (no boots)
Stlth    ..........             (no amulet)
HPRegen  0.10/turn              e - ring of protection from magic
MPRegen  0.08/turn              (no ring)

@: paralysed
A: retaliatory headbutt, horns 2
a: no special abilities


You were on level 3 of the Dungeon.
You were very hungry.

You visited 1 branch of the dungeon, and saw 3 of its levels.

You collected 83 gold pieces.

Inventory:

Hand Weapons
 a - a +0 flail (weapon)
Armour
 b - a +0 scale mail (worn)
 c - a +0 kite shield (worn)
Jewellery
 e - a ring of protection from magic (left hand)
Scrolls
 h - a scroll of identify
Potions
 d - 2 potions of might
Comestibles
 f - 7 rations


   Skills:
 - Level 3.6 Fighting
 + Level 4.8 Maces & Flails
 - Level 3.6 Armour
 - Level 3.6 Shields


You had 2 spell levels left.
You didn't know any spells.
Your spell library was empty.

Dungeon Overview and Level Annotations

Branches:
Dungeon (3/15)

Altars:
Uskayaw
Wu Jian
Zin

Annotations:
D:3 Grinder


Innate Abilities, Weirdness & Mutations

You reflexively headbutt those who attack you in melee.
You have a pair of horns on your head.


Message History

Grinder barely misses you. You furiously retaliate!
You headbutt Grinder! You hit Grinder. Your headbutt misses Grinder.
Grinder is severely wounded.
Grinder closely misses you.
You barely miss Grinder.
Grinder is severely wounded.
Grinder gestures at you. You resist with significant effort.
Grinder gestures at you.
You easily resist.
You hit Grinder.
Grinder is almost dead.
Grinder gestures at you.
You suddenly lose the ability to move!
Grinder blinks!
Grinder blinks!
Grinder gestures at you. Pain shoots through your body!
* * * LOW HITPOINT WARNING * * *
Grinder hits you!
You die...

..# #### #..#
.#. ...#
..##..... ..#...
. #... ...
##.###.....
#<@))......
#5%###.....
#..............
###ยง.?..###....
#.##.## ... ...
#... ... #..
.... #. ...##


You could see Grinder (fast).

Vanquished Creatures
  2 worms (D:2)
  A dart slug (D:1)
  2 leopard geckos (D:1)
  6 goblins
  3 hobgoblins
  4 jackals (D:2)
  A quokka (D:2)
  A ball python (D:2)
  4 bats
  3 frilled lizards (D:2)
  4 kobolds
  8 rats
39 creatures vanquished.

Notes
Turn   | Place    | Note
-------+----------+-------------------------------------------
     0 | D:1      | Curus the Minotaur Fighter began the quest for the Orb.
     0 | D:1      | Reached XP level 1. HP: 19/19 MP: 0/0
    12 | D:1      | Reached skill level 3 in Maces & Flails
    91 | D:1      | Reached XP level 2. HP: 26/26 MP: 1/1
   696 | D:1      | Found a glowing silver altar of Zin.
   771 | D:2      | Reached skill level 4 in Maces & Flails
   872 | D:2      | Found a hide-covered altar of Uskayaw.
   874 | D:2      | Reached XP level 3. HP: 31/31 MP: 2/2
  1160 | D:2      | Found an ornate altar of the Wu Jian Council.
  1545 | D:2      | Found a faded altar of an unknown god.
  1590 | D:3      | Noticed Grinder
  1610 | D:3      | Paralysed by Grinder for 6 turns
  1612 | D:3      | Slain by Grinder

Illustrated notes

Levels and vault maps discovered:
D:1:      dpeg_arrival_lava_altar, layout_basic
D:2:      layout_loops_ring, lemuel_round_altar,
          chequers_ecumenical_altar_lobes, lemuel_altar_in_water
D:3:      layout_rooms, lemuel_coloured_pillars_altar, first_ration,
          minmay_fountain_box, nicolae_gozag_zags_fifth_avenue, uniq_terence,
          uniq_sigmund, uniq_grinder

Skill      XL: |  1  2 |
---------------+-------+-----
Maces & Flails | 3 4 |  4.8
Fighting       | |  3.6
Armour         | |  3.6
Shields        | |  3.6

Action                   || total
-------------------------++-------
Melee: Flail             ||    88
       Headbutt          ||     8
  Use: Scroll            ||     3
       Potion            ||     3
  Eat: Chunk             ||     1
Armor: Scale mail        ||    32
Dodge: Dodged            ||    29
Block: Kite shield       ||    37
